 Dungeon Crawl Stone Soup version 0.31.0-11-ge490571c62 (webtiles) character file.

Game seed: 4160343175709182698

106375 protoss039 the Warrior (level 15, 0/130 HPs)
             Began as a Demonspawn Earth Elementalist on Jan 28, 2024.
             Was a High Priest of Vehumet.
             Killed from afar by Bai Suzhen (33 damage)
             ... with a torrent of water
             ... on level 3 of the Swamp.
             The game lasted 01:42:40 (25824 turns).

protoss039 the Warrior (DsEE)                      Turns: 25824, Time: 01:42:41

Health: 0/130      AC: 22    Str: 13    XL:     15   Next: 97%
Magic:  11/31      EV: 11    Int: 24    God:    Vehumet [*****.]
Gold:   1264       SH: 11    Dex: 17    Spells: 4/39 levels left

rFire   . . .        Z - +11 dagger "Ipnounk" {freeze, Will+ Stlth+}
rCold   + + .        u - +0 kite shield
rNeg    . . .        R - +0 acid dragon scales
rPois   +            X - +1 helmet "Heripell" {Dex+2}
rElec   +            m - +1 cloak
rCorr   +            d - +3 pair of gauntlets of War {Slay+5}
SInv    +            x - +0 pair of boots {rampage}
Will    +++..        F - amulet of magic regeneration
Stlth   +++          l - ring "Qenuu" {rC++ Int+2 SInv}
HPRegen 0.41/turn    f - ring of Awunu {Fly rElec rPois Will+ Str+5}
MPRegen 0.62/turn

%: rampage
@: about to teleport, flying
A: thin metallic scales 3, spiny 1, demonic magic 2, demonic touch 2
a: Renounce Religion


You were on level 3 of the Swamp.
You worshipped Vehumet.
Vehumet was extremely pleased with you.
You visited 4 branches of the dungeon, and saw 25 of its levels.
You also visited: Gauntlet and Ice Cave.

You collected 2715 gold pieces.
You spent 1451 gold pieces at shops.

Inventory:

Hand Weapons
 i - a +1 dagger of distortion
 N - a +0 broad axe of venom
 Z - the +11 dagger "Ipnounk" (weapon) {freeze, Will+ Stlth+}
   (You found it in an ice cave)

   Will+:     It increases your willpower.
   Stlth+:    It makes you more stealthy.
Armour
 d - the +3 pair of gauntlets of War (worn) {Slay+5}
   (You found it in a Gauntlet)

   Slay+5:    It affects your accuracy & damage with ranged weapons and melee
   (+5).
 m - a +1 cloak (worn)
 u - a +0 kite shield (worn)
 x - a +0 pair of boots of rampaging (worn)
 y - +0 fire dragon scales
 R - +0 acid dragon scales (worn)
 X - the +1 helmet "Heripell" (worn) {Dex+2}
   (You found it on level 11 of the Dungeon)

   Dex+2:     It affects your dexterity (+2).
Magical Staves
 g - a staff of fire
 k - a staff of conjuration
 n - the staff of the Warrior-Mage {*Slow rElec rPois rN++ Necro Alchemy}
   (You found it in a Gauntlet)

   [staff of alchemy]

   Base accuracy: +5 Base damage: 5 Base attack delay: 1.2 This weapon's minimum
   attack delay (0.6) is reached at skill level 12.
   rElec:     It insulates you from electricity.
   rPois:     It protects you from poison rN++: It greatly protects you from
   negative energy.
   *Slow:     It may slow you when you take damage.
   Necro:     It increases the power of your Necromancy spells.
   Alchemy:   It increases the power of your Alchemy spells.
   It falls into the 'Staves' category.
   It is a one-handed weapon.
Jewellery
 a - a +6 ring of intelligence
 f - the ring of Awunu (right hand) {Fly rElec rPois Will+ Str+5}
   (You found it on level 7 of the Dungeon)

   [ring of flight]

   Str+5:     It affects your strength (+5).
   rElec:     It insulates you from electricity.
   rPois:     It protects you from poison Will+: It increases your willpower.
   Fly:       It grants you flight.
 l - the ring "Qenuu" (left hand) {rC++ Int+2 SInv}
   (You took it off a minotaur in a Gauntlet)

   [ring of see invisible]

   Int+2:     It affects your intelligence (+2).
   rC++:      It greatly protects you from cold.
   SInv:      It lets you see invisible.
 r - a ring of positive energy
 t - a ring of magical power
 w - a ring of positive energy
 F - an amulet of magic regeneration (around neck)
Wands
 A - a wand of iceblast (18)
 P - a wand of light (23)
 Q - a wand of digging (1)
Scrolls
 c - 5 scrolls of teleportation
 j - 6 scrolls of poison
 p - 3 scrolls of blinking
 q - a scroll of amnesia
 s - 5 scrolls of fear
 z - 7 scrolls of enchant weapon
 D - 2 scrolls of fog
 E - 2 scrolls of torment
 H - 4 scrolls of enchant armour
 V - a scroll of summoning
 Y - 4 scrolls of immolation
Potions
 b - 6 potions of haste
 e - 5 potions of mutation
 h - 5 potions of brilliance
 o - 7 potions of cancellation
 v - 2 potions of attraction
 B - 2 potions of might
 C - 3 potions of heal wounds
 G - 2 potions of magic
 I - a potion of ambrosia {unknown}
 J - 2 potions of enlightenment
 M - a potion of berserk rage {unknown}
 O - 5 potions of curing
 U - 5 potions of lignification
Miscellaneous
 K - a phial of floods (inert)
 L - a box of beasts (inert)


   Skills:
 * Level 15.6 Fighting
 + Level 5.2 Short Blades
 - Level 0.3 Maces & Flails
 - Level 0.2 Throwing
 + Level 8.5 Armour
 - Level 3.0 Dodging
 - Level 3.0 Stealth
 + Level 8.6 Shields
 * Level 12.7 Spellcasting
 * Level 10.6 Conjurations
 - Level 3.0 Fire Magic
 - Level 3.0 Ice Magic
 - Level 3.0 Air Magic
 + Level 8.4 Earth Magic


You had 4 spell levels left.
You knew the following spells:

 Your Spells              Type           Power      Damage    Failure   Level
a - Sandblast             Erth           100%       2d20      1%          1
b - Passwall              Erth           54%        N/A       1%          3
c - Stone Arrow           Conj/Erth      100%       3d13      1%          3
d - Lee's Rapid Deconstr  Erth           27%        3d14*     3%          5
e - Flame Wave            Conj/Fire      48%        2d12      2%          4
f - Irradiate             Conj/Alch      20%        3d18      12%         5
g - Sublimation of Blood  Necr           15%        N/A       22%         2
h - Freezing Cloud        Conj/Ice/Air   20%        6-21      11%         5
i - Orb of Destruction    Conj           30%        9d10      36%         7

Your spell library contained the following spells:

 Spells                   Type           Power      Damage    Failure   Level
 Bombard                  Conj/Erth      28%        9d5       12%         6
 Sting                    Conj/Alch      100%       1d9       1%          1
 Static Discharge         Conj/Air       96%        3-7/arc   1%          2
 Brom's Barrelling Bould  Conj/Erth      57%        2d7       1%          4
 Fulminant Prism          Conj/Alch      20%        3d12      4%          4
 Iskenderun's Mystic Bla  Conj/Tloc      40%        2d9       4%          4
 Inner Flame              Hex/Fire       22%        N/A       7%          3
 Volatile Blastmotes      Fire/Tloc      44%        2d13      7%          3
 Airstrike                Air            14%        2d(3-19)  11%         4
 Ozocubu's Armour         Ice            29%        N/A       13%         3
 Necrotise                Necr           60%        1d7       14%         1
 Cigotuvi's Dreadful Rot  Necr/Alch/Air  40%        N/A       14%         2
 Ignite Poison            Fire/Alch      22%        N/A       21%         4
 Call Imp                 Summ           30%        N/A       22%         2
 Jinxbite                 Hex            30%        N/A       22%         2
 Summon Ice Beast         Ice/Summ       22%        N/A       24%         3
 Petrify                  Alch/Erth      35%        N/A       26%         4
 Fugue of the Fallen      Necr           15%        N/A       41%         3
 Summon Lightning Spire   Summ/Air       22%        N/A       61%         4
 Manifold Assault         Tloc           15%        N/A       82%         4
 Passage of Golubria      Tloc           15%        N/A       82%         4
 Starburst                Conj/Fire      24%        6d8       32%         6
 Yara's Violent Unravell  Hex/Alch       7%         3d5       67%         5
 Silence                  Hex/Air        11%        N/A       91%         5
 Lehudib's Crystal Spear  Conj/Erth      28%        10d8      98%         8
 Summon Mana Viper        Hex/Summ       15%        N/A       99%         5
 Enfeeble                 Hex            7%         N/A       100%        7
 Malign Gateway           Summ/Tloc      7%         N/A       100%        7
 Monstrous Menagerie      Summ           7%         N/A       100%        7
 Ozocubu's Refrigeration  Ice            14%        4d10      100%        7
 Summon Hydra             Summ           7%         N/A       100%        7
 Ignition                 Fire           14%        3d6       100%        8
 Summon Horrible Things   Summ           7%         N/A       100%        8


Dungeon Overview and Level Annotations

Branches:
Dungeon (15/15)            Temple (0/1) D:5            Lair (5/5) D:11
  Swamp (3/4) Lair:3       Spider (0/4) Lair:2        Slime (0/5) Lair:5
    Orc (2/2) D:11            Elf (0/3) Orc:2        Vaults (0/5) D:14
 Depths (0/4) D:15          IceCv (visited)         Gauntlet (visited)

Altars:
Cheibriados
Dithmenos
Fedhas
Kikubaaqudgha
Makhleb
Okawaru
Sif Muna
Vehumet
Wu Jian
Xom
Yredelemnul

Shops:
D:5 =   D:10 =   D:13 *   Orc:2 =:**

Annotations:
D:13 1 runed translucent door, exclusion: door
Swamp:2 1 runed translucent door, Iffuusoj's ghost, adept MiBe
Swamp:3 Bai Suzhen


Innate Abilities, Weirdness & Mutations

You are completely covered in thin metallic scales. (AC +4, rElec)
You are partially covered in sharp spines.
Spells you cast may paralyse nearby enemies.
Your touch may inflict irresistible damage on your foes.


Message History

Press: ? - help, Dir - move target, p - Bai Suzhen Malevolent energies surge around you.
Bai Suzhen hisses, "Days like this make me miss drinking."
Unknown command.
Unknown command.
As you read the scroll of teleportation, it crumbles to dust.
You feel strangely unstable.
Bai Suzhen is engulfed in freezing vapours.
Bai Suzhen breathes water at you. The torrent of water hits you!!!
* * * LOW HITPOINT WARNING * * *
You are knocked back by the torrent of water.
The wave splashes down.
Unknown command.
Unknown command.
Unknown command.
Bai Suzhen is engulfed in freezing vapours.
Unknown command.
Bai Suzhen is engulfed in freezing vapours.
Unknown command.
Unknown command.
Your surroundings suddenly seem different.
Unknown command.
Unknown command.
Casting: Freezing Cloud (dangerous; 11% risk of failure)
Confirm with . or Enter, or press ? or * to list all spells.
Casting: Flame Wave (mildly dangerous; 2% risk of failure)
Press: ? - help, Dir - look around, f - activate A wave of flame ripples out!
The mangrove smoulders and burns. (Press . to intensify the flame waves.) Malevolent energies surge around you.
Unknown command.
Unknown command.
You are engulfed in blazing flames.
Bai Suzhen roars deafeningly!
As you read the scroll of teleportation, it crumbles to dust.
You feel strangely unstable. Bai Suzhen breathes water at you.
The torrent of water hits you!!
You die...

...♣ ♣♣♣)♣.##'##...♣.~~~.... ..~♣
♣♣♣.#)))#...♣♣~~~~.~~ ...♣
♣.#)))#...♣~~..~~~~ .).♣♣♣♣♣♣♣♣♣♣
♣.#####..♣♣♣~~~~~~~ ...~.~~.♣~~.♣
♣........♣~~~~~~~~.
.~~..~...~~.♣♣♣♣.[.....♣~~~)~~.♣♣
~~~~..~.~~....♣♣♣~..).♣♣♣§~~~~.♣♣
^~~~~.~..~§~~.♣♣♣~§~♣♣♣♣♣~~~~~~.♣
.~~..♣♣~..§~..~~@♣~~~♣♣§~~~~.~~~~
..♣♣♣♣♣♣♣♣.~~♣~.~~~~~§§§§~~.....~
.~♣ ♣~~♣♣♣♣.~~~~§D§§~~..§.♣♣ .♣♣♣
♣♣♣♣♣♣♣ ♣♣<~~~§§§§§~~~§§~♣ ~~.♣
♣♣~♣♣♣♣ ♣♣♣~~..~~~.~§~~§§§~.
~~.♣♣♣.~♣♣~♣♣♣..(.~~~~~.~~~§~~~~~
~~~~♣♣§♣♣♣...♣.~~~~~§~~..~..~~~~.
~~~.♣♣.~♣~§~~~~~§~§~~~.~~~~.~~..~
~~~.♣♣..♣.~~~~~~~~.~~~~.~~~....~~


You could see Bai Suzhen (clouds, catching breath).

Vanquished Creatures
  A tentacled monstrosity (Swamp:1)
  3 eleionomae
  A dire elephant (Lair:1)
  2 ettins
  A fire dragon (D:15)
  Fannar (D:10)
  Josephine (D:10)
  11 hydras
  A catoblepas (Lair:1)
  3 alligators
  2 ogre magi (D:15)
  2 anacondas (Lair:1)
  2 ghost crabs
  A boulder beetle (D:9)
  A centaur warrior (D:14)
  9 two-headed ogres
  A tengu warrior (D:15)
  A spriggan berserker (Swamp:3)
  Sonja (Orc:1)
  5 orc high priests (Orc:2)
  A skyshark (Lair:5)
  A pharaoh ant (Lair:2)
  2 fire crabs
  2 deep trolls
  A goliath frog (Swamp:1)
  2 bog bodies
  An arcanist (D:13)
  A death drake (Gauntlet)
  3 swamp dragons
  A lindwurm (Lair:2)
  2 necromancers (D:15)
  An orc knight (D:12)
  A spriggan druid (Swamp:3)
  2 orc sorcerers (Orc:2)
  2 deep elf pyromancers (D:13)
  An ugly thing (D:11)
  5 cyclopes
  A manticore (D:9)
  A will-o-the-wisp (Swamp:3)
  3 meliai (D:13)
  5 elephants (Lair:5)
  4 black mambas
  A kobold blastminer (Orc:2)
  A black mamba (shapeshifter) (D:15)
  A torpor snail (Lair:1)
  17 cane toads
  5 komodo dragons
  A freezing wraith (IceCv)
  11 rime drakes
  A kobold demonologist (D:13)
  A tengu conjurer (D:15)
  4 trolls
  5 polar bears
  2 queen bees (shapeshifter)
  5 tyrant leeches
  3 hornets
  2 bloated husks (Swamp:3)
  A tarantella (Lair:2)
  2 dream sheep (Lair:5)
  A blink frog (shapeshifter) (D:15)
  2 raiju (Gauntlet)
  A raiju (shapeshifter) (D:14)
  3 slime creatures (D:12)
  19 blink frogs
  18 spriggans
  A shadow (D:12)
  7 wyverns
  A vampire (D:14)
  8 wraiths
  53 yaks
  4 basilisks
  10 vampire mosquitoes
  A death yak simulacrum (IceCv)
  A redback (Lair:2)
  A warg (Orc:2)
  Menkaure (D:4)
  10 steam dragons
  4 acid dragons
  14 swamp worms
  19 water moccasins
  3 swamp drakes
  A spectral blink frog (Lair:3)
  23 orc warriors
  10 ice beasts
  9 black bears
  2 laughing skulls (D:15)
  2 crocodiles (D:7)
  5 boggarts (Lair:5)
  30 wolves
  10 ogres
  2 centaurs
  A spectral basilisk (Lair:3)
  4 kobold brigands
  A brain worm (shapeshifter) (D:15)
  18 bullfrogs
  3 scorpions
  3 gnoll sergeants
  A wyvern zombie (D:7)
  15 wights
  24 killer bees
  9 electric eels
  2 bombardier beetles
  2 centaur zombies (D:7)
  9 howler monkeys
  5 hounds
  2 quasits (D:5)
  A bullfrog zombie (D:7)
  29 orc priests
  2 jellies (D:7)
  5 sleepcaps
  5 iguanas
  26 orc wizards
  A polar bear simulacrum (IceCv)
  6 killer bee zombies (D:7)
  5 howler monkey zombies (D:7)
  15 gnolls
  A gnoll (shapeshifter) (D:13)
  7 adders
  A shadow imp (D:5)
  4 white imps
  6 ufetubi
  3 dart slugs
  3 ribbon worms
  78 orcs
  A ball python (shapeshifter) (D:14)
  7 ball pythons
  8 endoplasms
  2 giant cockroaches
  5 goblins
  8 hobgoblins
  9 jackals
  16 kobolds
  6 quokkas
  5 bats
  A frilled lizard (D:2)
  4 rats
801 creatures vanquished.

Vanquished Creatures (collateral kills)
  A minotaur (Gauntlet)
  An ugly thing (IceCv)
  2 ice statues (IceCv)
4 creatures vanquished.

Vanquished Creatures (others)
  An orc priest (Orc:2)
  2 orcs (D:9)
  4 foxfires (Swamp:3)
7 creatures vanquished.

Grand Total: 812 creatures vanquished

Notes
Turn   | Place    | Note
-------+----------+-------------------------------------------
     0 | D:1      | protoss039 the Demonspawn Earth Elementalist began the
                  | quest for the Orb.
     0 | D:1      | Reached XP level 1. HP: 13/13 MP: 3/3
   275 | D:1      | Gained mutation: Your touch may inflict minor irresistible
                  | damage on your foes. [demonic ancestry]
   275 | D:1      | Reached XP level 2. HP: 20/20 MP: 3/5
   723 | D:1      | Gained mutation: Spells you cast may paralyse adjacent
                  | enemies. [demonic ancestry]
   723 | D:1      | Reached XP level 3. HP: 22/25 MP: 6/6
   861 | D:2      | Learned a level 3 spell: Passwall
   864 | D:2      | Reached skill level 1 in Fighting
  1022 | D:2      | Reached skill level 1 in Armour
  1022 | D:2      | Gained mutation: Your touch may inflict irresistible damage
                  | on your foes. [demonic ancestry]
  1022 | D:2      | Reached XP level 4. HP: 16/32 MP: 4/8
  1502 | D:2      | Learned a level 3 spell: Stone Arrow
  1873 | D:3      | Reached XP level 5. HP: 15/38 MP: 2/9
  2095 | D:3      | Found a snail-covered altar of Cheibriados.
  2281 | D:3      | Found an ornate altar of the Wu Jian Council.
  2281 | D:3      | Found an iron altar of Okawaru.
  2844 | D:4      | Noticed Menkaure
  2851 | D:4      | Killed Menkaure
  2852 | D:4      | Reached skill level 2 in Fighting
  2852 | D:4      | Reached XP level 6. HP: 44/44 MP: 3/10
  2928 | D:4      | Reached skill level 1 in Short Blades
  3315 | D:4      | Found an ancient bone altar of Kikubaaqudgha.
  3316 | D:4      | Found a radiant altar of Vehumet.
  3317 | D:4      | Found a shimmering blue altar of Sif Muna.
  3322 | D:4      | Got Kikubaaqudgha's Parchment of Unhallowed Rites
  3332 | D:4      | Became a worshipper of Vehumet
  3834 | D:5      | Entered Level 5 of the Dungeon
  3836 | D:5      | Found Naodoafi's Jewellery Boutique.
  3850 | D:5      | Reached XP level 7. HP: 51/51 MP: 12/12
  4053 | D:5      | Reached skill level 3 in Fighting
  4361 | D:5      | Found a staircase to the Ecumenical Temple.
  4428 | D:5      | Reached skill level 4 in Fighting
  4428 | D:5      | Reached XP level 8. HP: 60/60 MP: 14/14
  4432 | D:5      | Reached * piety under Vehumet
  4432 | D:5      | Offered knowledge of Sting by Vehumet.
  4902 | D:5      | Learned a level 1 spell: Sting
  5097 | D:6      | Reached skill level 5 in Spellcasting
  5458 | D:6      | Reached skill level 5 in Fighting
  6039 | D:7      | Found a shimmering altar of Xom.
  6071 | D:7      | Reached skill level 5 in Earth Magic
  6075 | D:7      | Reached skill level 1 in Shields
  6075 | D:7      | Gained mutation: You are partially covered in thin metallic
                  | scales. (AC +2) [demonic ancestry]
  6075 | D:7      | Reached XP level 9. HP: 69/69 MP: 17/17
  6139 | D:7      | Reached skill level 6 in Fighting
  6259 | D:7      | Offered knowledge of Kiss of Death by Vehumet.
  6260 | D:7      | Reached ** piety under Vehumet
  6608 | D:7      | Noticed a two-headed ogre
  6632 | D:7      | Killed a two-headed ogre
  6633 | D:7      | Reached skill level 7 in Fighting
  6633 | D:7      | Gained mutation: You are mostly covered in thin metallic
                  | scales. (AC +3) [demonic ancestry]
  6633 | D:7      | Reached XP level 10. HP: 79/79 MP: 17/20
  6699 | D:7      | Identified the ring of Awunu {Fly rElec rPois Will+ Str+5}
  6811 | D:7      | Offered knowledge of Frozen Ramparts by Vehumet.
  7199 | D:8      | Reached *** piety under Vehumet
  7415 | D:8      | Offered knowledge of Hailstorm by Vehumet.
  7417 | D:8      | Reached skill level 8 in Fighting
  7686 | D:8      | Found a basalt altar of Yredelemnul.
  7688 | D:8      | Noticed a profane servitor
  7837 | D:8      | Noticed an angel
  7952 | D:9      | Noticed a boulder beetle
  7985 | D:9      | Killed a boulder beetle
  7986 | D:9      | Reached skill level 9 in Fighting
  7986 | D:9      | Gained mutation: You are completely covered in thin
                  | metallic scales. (AC +4, rElec) [demonic ancestry]
  7986 | D:9      | Reached XP level 11. HP: 85/89 MP: 14/23
  7987 | D:9      | Reached skill level 5 in Armour
  8013 | D:9      | Reached **** piety under Vehumet
  8035 | D:9      | Offered knowledge of Flame Wave by Vehumet.
  8043 | D:9      | Learned a level 4 spell: Flame Wave
  8427 | D:9      | Found a blossoming altar of Fedhas.
  8811 | D:10     | Entered Level 10 of the Dungeon
  8892 | D:10     | Reached skill level 5 in Shields
  9208 | D:10     | Found a shadowy altar of Dithmenos.
  9263 | D:10     | Reached skill level 10 in Fighting
  9276 | D:10     | Noticed Josephine
  9281 | D:10     | Killed Josephine
  9320 | D:10     | Found Esheng's Jewellery Shoppe.
  9329 | D:10     | Found a burning altar of Makhleb.
  9329 | D:10     | Noticed an Executioner
  9357 | D:10     | Reached ***** piety under Vehumet
  9471 | D:10     | Noticed Fannar
  9484 | D:10     | Killed Fannar
  9484 | D:10     | Offered knowledge of Orb of Destruction by Vehumet.
  9501 | D:10     | Learned a level 7 spell: Orb of Destruction
  9894 | D:10     | Learned a level 2 spell: Sublimation of Blood
  9917 | D:11     | Reached skill level 10 in Spellcasting
  9946 | D:11     | Found a staircase to the Lair.
  9976 | D:11     | Noticed a two-headed ogre
  9987 | D:11     | Killed a two-headed ogre
  9988 | D:11     | Gained mutation: Spells you cast may paralyse nearby
                  | enemies. [demonic ancestry]
  9988 | D:11     | Reached XP level 12. HP: 82/99 MP: 17/26
  9996 | D:11     | Identified the +1 helmet "Heripell" {Dex+2}
 10339 | D:11     | Found a staircase to the Orcish Mines.
 10718 | D:11     | Noticed a two-headed ogre
 10727 | D:11     | Killed a two-headed ogre
 10728 | D:11     | Reached skill level 11 in Fighting
 11104 | D:12     | Reached skill level 5 in Conjurations
 11297 | D:12     | Offered knowledge of Starburst by Vehumet.
 11442 | D:12     | Found a frozen archway.
 11463 | D:12     | Learned a level 6 spell: Starburst
 11468 | IceCv    | Entered an ice cave
 11517 | IceCv    | Found a transporter.
 11531 | IceCv    | Found a transporter.
 11562 | IceCv    | Identified the +11 dagger "Ipnounk" {freeze, Will+ Stlth+}
 12051 | D:13     | Reached skill level 12 in Fighting
 12212 | D:13     | Found a runed translucent door.
 12218 | D:13     | Found Xyenai's Orb Outfitters.
 12218 | D:13     | Noticed a great orb of eyes
 12219 | D:13     | Noticed a boulder beetle
 12219 | D:13     | Noticed a great orb of eyes
 12360 | D:13     | Learned a level 2 spell: Static Discharge
 12421 | D:13     | Noticed a two-headed ogre
 12423 | D:13     | Killed a two-headed ogre
 12846 | D:14     | Found a gate to the Vaults.
 12886 | D:14     | Found a gate leading to a gauntlet.
 12895 | Gauntlet | Entered a Gauntlet
 12895 | Gauntlet | Found a transporter.
 12895 | Gauntlet | Found a transporter.
 12908 | Gauntlet | Found a transporter.
 12910 | Gauntlet | Found a transporter.
 12918 | Gauntlet | Found a transporter.
 12922 | Gauntlet | Found a transporter.
 12932 | Gauntlet | Found a transporter.
 12949 | Gauntlet | Found a transporter.
 12969 | Gauntlet | Found a transporter.
 12970 | Gauntlet | Found a transporter.
 12982 | Gauntlet | Found a transporter.
 12983 | Gauntlet | Found a transporter.
 13073 | Gauntlet | Reached XP level 13. HP: 105/109 MP: 20/27
 13088 | Gauntlet | Identified the staff of the Warrior-Mage {*Slow rElec rPois
                  | rN++ Necro Alchemy}
 13103 | Gauntlet | Found the +3 pair of gauntlets of War {Slay+5}
 13103 | Gauntlet | Identified the ring "Qenuu" {rC++ Int+2 SInv}
 13103 | Gauntlet | Noticed a minotaur
 13113 | Gauntlet | HP: 1/103 [minotaur/+1 short sword of draining (9)]
 13121 | Gauntlet | Killed a minotaur
 13146 | Gauntlet | Identified the +0 arbalest of Qyukhekk {heavy, rPois rF-
                  | rC- rN+++}
 13542 | D:14     | Noticed an ettin
 13548 | D:14     | Killed an ettin
 13927 | D:14     | Reached skill level 13 in Fighting
 14061 | D:15     | Entered Level 15 of the Dungeon
 14129 | D:15     | Noticed an ettin
 14134 | D:15     | Killed an ettin
 14144 | D:15     | Found a staircase to the Depths.
 14278 | D:15     | Found a shimmering blue altar of Sif Muna.
 14280 | D:15     | Offered knowledge of Lee's Rapid Deconstruction by Vehumet.
 14287 | D:15     | Learned a level 5 spell: Lee's Rapid Deconstruction
 14862 | D:15     | Noticed a fire dragon
 14867 | D:15     | Killed a fire dragon
 15226 | Lair:1   | Entered Level 1 of the Lair of Beasts
 15662 | Lair:1   | Gained mutation: You are partially covered in sharp spines.
                  | [demonic ancestry]
 15662 | Lair:1   | Reached XP level 14. HP: 115/119 MP: 25/29
 15665 | Lair:1   | Reached skill level 14 in Fighting
 15882 | Lair:1   | Identified the +4 ring mail of Patterns {Fly rF- SInv}
 16597 | Lair:2   | Found a hole to the Spider Nest.
 17774 | Lair:3   | Offered knowledge of Spellforged Servitor by Vehumet.
 18235 | Lair:3   | Found a staircase to the Swamp.
 19104 | Lair:5   | Entered Level 5 of the Lair of Beasts
 19111 | Lair:5   | Reached skill level 1 in Fire Magic
 19226 | Lair:5   | Found a staircase to the Slime Pits.
 19470 | Lair:5   | Reached skill level 15 in Fighting
 19774 | Lair:5   | Reached XP level 15. HP: 129/129 MP: 20/31
 20135 | Lair:5   | Offered knowledge of Ozocubu's Refrigeration by Vehumet.
 20353 | Lair:5   | Reached skill level 10 in Conjurations
 20907 | Lair:5   | Learned a level 7 spell: Ozocubu's Refrigeration
 20914 | Lair:5   | Learned a level 5 spell: Freezing Cloud
 21104 | Orc:1    | Entered Level 1 of the Orcish Mines
 21117 | Orc:1    | Noticed Sonja
 21127 | Orc:1    | Killed Sonja
 21283 | Orc:2    | Entered Level 2 of the Orcish Mines
 21540 | Orc:2    | Found a staircase to the Elven Halls.
 21565 | Orc:2    | Reached skill level 1 in Ice Magic
 21565 | Orc:2    | Reached skill level 1 in Air Magic
 22196 | Orc:2    | Found Opokkapluu's Assorted Antiques.
 22196 | Orc:2    | Found Ysur Afi's Assorted Antiques.
 22197 | Orc:2    | Found Ydghuc's Book Boutique.
 22201 | Orc:2    | Found Bunyov's Jewellery Boutique.
 22278 | Orc:2    | Bought a lumpy silvery potion for 21 gold pieces
 22278 | Orc:2    | Bought a scroll of identify for 48 gold pieces
 22278 | Orc:2    | Bought a scroll of teleportation for 72 gold pieces
 22278 | Orc:2    | Bought a potion of brilliance for 96 gold pieces
 22281 | Orc:2    | Bought a potion of curing for 84 gold pieces
 22283 | Orc:2    | Bought a book of Blasting for 420 gold pieces
 22283 | Orc:2    | Bought a book of Spontaneous Combustion for 570 gold pieces
 22528 | Orc:2    | Bought an iron ring for 140 gold pieces
 22536 | Orc:2    | Learned a level 5 spell: Irradiate
 22699 | Swamp:1  | Entered Level 1 of the Swamp
 22893 | Swamp:1  | Noticed a tentacled monstrosity
 23056 | Swamp:1  | Offered knowledge of Bombard by Vehumet.
 23420 | Swamp:1  | Killed a tentacled monstrosity
 23900 | Swamp:2  | Reached skill level 5 in Short Blades
 24226 | Swamp:2  | Found a runed translucent door.
 24229 | Swamp:2  | Noticed Iffuusoj's ghost (adept MiBe)
 24230 | Swamp:2  | Identified the +6 spear of the Shoals {freeze, rC+ MP+9}
 24900 | Swamp:3  | Noticed Bai Suzhen
 25712 | Swamp:3  | Identified the +9 hand axe of Uhivadwi {freeze, *Corrode
                  | rPois rC++}
 25824 | Swamp:3  | Killed from afar by Bai Suzhen

Illustrated notes

Levels and vault maps discovered:
D:1:      amcnicky_arrival_underground_garden, layout_rooms
D:2:      layout_basic, minmay_between
D:3:      layout_loops_cross, mainiacjoe_overflow_boulevard,
          gammafunk_temple_overflow_statue, item_on_display_a
D:4:      layout_basic, grunt_temple_overflow_magic_moments, uniq_menkaure
D:5:      layout_cave_pools, minmay_temple_entry_enclosed_plants,
          serial_demonic, serial_demonic_b, serial_demonic_c, serial_demonic_f,
          serial_demonic_e, serial_shops, nicolae_shop_tiny_real_fake_doors,
          kennysheep_another_room, grunt_ministairs_4
D:6:      layout_basic, nicolae_zig_zag_zippers
D:7:      regret_index_malice_mire, layout_rooms,
          nicolae_overflow_crystal_walls, serial_undead, serial_undead_c,
          serial_undead_c, serial_undead_d, serial_undead_e, serial_undead_d,
          serial_undead_a
D:8:      layout_basic, grunt_temple_overflow_holy_war
D:9:      minmay_bloctagon, layout_loops_ring, lemuel_coloured_pillars_altar,
          item_on_display_a
D:10:     layout_basic, nicolae_dithmenos_the_darkroom,
          makhleb_altar_promises_db, serial_shops,
          nicolae_shop_just_a_little_nook, uniq_fannar, uniq_josephine
D:11:     layout_grid_maze, hellmonk_lair_entry_icy, david_orc_2,
          chequers_serial_rivers_micro_b
D:12:     layout_roguey [special_room_orc], portal_ice_cave_rime
D:13:     layout_basic, tekkud_shop_of_orbs
D:14:     layout_loops_ring, david_vaults_4, gauntlet_entry_generic,
          chequers_decorated_corner
D:15:     hangedman_depths_entry_civil_slaughter, layout_loops_ring,
          nicolae_sif_muna_condensation
Lair:1:   layout_roguey, nicolae_lair_lakeside_cave,
          infiniplex_staircase_pool_2, serial_bayou_shore_b, grunt_megastairs_4,
          lemuel_fruit_tree
Lair:2:   layout_cave_shapes, nicolae_spider_entry_lesser_pyramids,
          serial_forest, infiniplex_forest_lined_1,
          infiniplex_forest_straight_5, infiniplex_forest_lined_3,
          infiniplex_forest_end_2, infiniplex_forest_lined_corner,
          infiniplex_forest_end_2, infiniplex_forest_lined_1,
          infiniplex_forest_lined_3
Lair:3:   layout_regular_city, nicolae_swamp_entry_spooky, st_stairs_9,
          cheibrodos_lair_reptile_den
Lair:4:   layout_hall_layers, beast_lair_carwin_11
Lair:5:   minmay_lair_end_enchanted_forest, layout_small_grid, slime_entry_1
Swamp:1:  layout_falls_marsh, evilmike_swamp_ruin_house_2,
          nicolae_swamp_treefoil
Swamp:2:  layout_basic_swamp, ebering_ghost_funeral_grove, hangedman_swamp_pad
Swamp:3:  nicolae_swamp_secret_spriggan_hideout, layout_basic_swamp,
          serial_swamp_ruin, evilmike_swamp_ruin_house_1,
          hangedman_swamp_ruin_wall, swamp_pool_4,
          nicolae_swamp_orc_logging_accident, uniq_bai_suzhen
Orc:1:    layout_caves, uniq_sonja
Orc:2:    st_orc_mages, layout_diamond_mine

Skill      XL: |  1  2  3  4  5  6  7  8  9 10 11 12 13 14 15 |
---------------+----------------------------------------------+-----
Earth Magic    | 3 4 5 6 7 8 |  8.4
Fighting       | 1 2 4 5 7 9 10 12 13 15 | 15.6
Armour         | 1 2 3 4 6 7 8 |  8.5
Stealth        | 2 3 |  3.0
Dodging        | 2 3 |  3.0
Spellcasting   | 3 4 5 7 8 10 11 12 | 12.7
Conjurations   | 2 3 7 9 10 | 10.6
Short Blades   | 1 2 3 4 5 |  5.2
Shields        | 1 2 4 5 6 8 |  8.6
Fire Magic     | 1 3 |  3.0
Ice Magic      | 3 |  3.0
Air Magic      | 3 |  3.0
Maces & Flails | |  0.3
Throwing       | |  0.2

Action                     |  1- 3 |  4- 6 |  7- 9 | 10-12 | 13-15 || total
---------------------------+-------+-------+-------+-------+-------++-------
  Melee: Short sword       |    36 |       |       |       |       ||    36
         Unarmed           |     1 |       |       |       |       ||     1
         Touch             |     8 |     7 |       |       |       ||    15
         Whip              |    26 |     8 |       |       |       ||    34
         Dagger            |       |    29 |    46 |   127 |   203 ||   405
  Throw: Dart              |    10 |       |     1 |       |       ||    11
   Cast: Sandblast         |    28 |    70 |    84 |   123 |    38 ||   343
         Passwall          |       |     1 |       |     4 |     1 ||     6
         Stone Arrow       |       |     1 |    60 |   233 |   579 ||   873
         Sting             |       |       |       |     3 |       ||     3
         Flame Wave        |       |       |       |     4 |    36 ||    40
         Freezing Cloud    |       |       |       |       |    50 ||    50
         Irradiate         |       |       |       |       |     2 ||     2
         Orb of Destructio |       |       |       |       |     1 ||     1
  Evoke: Wand              |       |       |     2 |     7 |     2 ||    11
         Box of beasts     |       |       |       |       |     1 ||     1
         Phial of floods   |       |       |       |       |     1 ||     1
    Use: Scroll            |     1 |     7 |     2 |    15 |    20 ||    45
         Potion            |     1 |       |       |       |     2 ||     3
   Stab: Sleeping          |     1 |       |       |     1 |     7 ||     9
         Paralysed         |       |     5 |    35 |    74 |    42 ||   156
 Armour: Robe              |    12 |       |       |       |       ||    12
         Ring mail         |    58 |    36 |    85 |       |       ||   179
         Steam dragon scal |       |       |       |   165 |    42 ||   207
         Acid dragon scale |       |       |       |       |   317 ||   317
  Dodge: Dodged            |    60 |    45 |    65 |   106 |   149 ||   425
  Block: Buckler           |       |       |     5 |    63 |    59 ||   127
         Kite shield       |       |       |       |       |   120 ||   120
